 Dungeon Crawl Stone Soup version 0.26.1-11-gd32895ea62 (webtiles) character file.

Game seed: 1496461177396898347

658 Almogavar the Chiller (level 7, -10/48 HPs)
             Began as a Human Ice Elementalist on May 16, 2021.
             Was an Initiate of Okawaru.
             Mangled by Robin
             ... wielding a +2 whip of electrocution
              (17 damage)
             ... on level 4 of the Dungeon.
             The game lasted 00:16:32 (4691 turns).

Almogavar the Chiller (Human Ice Elementalist)      Turns: 4691, Time: 00:16:33

Health: -10/48     AC: 13    Str:  8    XL:     7   Next: 85%
Magic:  11/13      EV: 13    Int: 18    God:    Okawaru [......]
Gold:   253        SH:  0    Dex: 23    Spells: 11/15 levels left

rFire    . . .     SeeInvis .   v - +3 mace of Suicidal Tendencies {protect, +Blink Dex+4} (curse)
rCold    + . .     Faith    .   (no shield)
rNeg     . . .     Spirit   .   m - +0 leather armour
rPois    .         Reflect  .   k - +1 helmet
rElec    .         Harm     .   h - scarf {repulsion}
rCorr    .         Rampage  .   (no gloves)
Will     .....                  g - +0 pair of boots
Stlth    +++.......             (no amulet)
HPRegen  0.16/turn              l - +6 ring of dexterity
MPRegen  0.13/turn              f - ring of protection from cold

@: protection aura, repel missiles
A: no striking features
a: Renounce Religion, Evoke Blink


You were on level 4 of the Dungeon.
You worshipped Okawaru.
Okawaru was noncommittal.
You visited 1 branch of the dungeon, and saw 4 of its levels.

You collected 253 gold pieces.

Inventory:

Hand Weapons
 c - a +0 short sword of electrocution
 q - a +2 dagger of venom
 v - the cursed +3 mace of Suicidal Tendencies (weapon) {protect, +Blink Dex+4}
   (You found it on level 4 of the Dungeon)

   It grants its wielder temporary protection when it strikes (+7 to AC).
   It affects your dexterity (+4).
   It lets you blink.
   It has a curse placed upon it.
Armour
 g - a +0 pair of boots (worn)
 h - a scarf of repulsion (worn)
 i - a +0 scale mail
 k - a +1 helmet (worn)
 m - a +0 leather armour (worn)
 n - a +0 chain mail
 r - a +0 helmet
Jewellery
 f - a ring of protection from cold (right hand)
 l - a +6 ring of dexterity (left hand)
Scrolls
 b - a scroll of remove curse
 e - a scroll of fear {unknown}
 j - a scroll of noise {unknown}
 o - a scroll of magic mapping {unknown}
 p - a scroll of enchant armour {unknown}
 s - a scroll of identify {unknown}
 t - a scroll of teleportation {unknown}
Potions
 a - a potion of mutation {unknown}
 d - a potion of curing
 u - a potion of ambrosia {unknown}
 w - 2 potions of experience {unknown}


   Skills:
 + Level 1.1 Fighting
 - Level 1.2 Short Blades
 + Level 0.7 Maces & Flails
 + Level 2.0 Armour
 + Level 2.6 Dodging
 + Level 3.2 Stealth
 + Level 4.5 Spellcasting
 + Level 6.1 Ice Magic


You had 11 spell levels left.
You knew the following spells:

 Your Spells              Type           Power        Failure   Level
a - Freeze                Ice            100%         1%          1
b - Frozen Ramparts       Ice            52%          4%          3

Your spell library contained the following spells:

 Spells                   Type           Power        Failure   Level
 Ozocubu's Armour         Ice            26%          4%          3
 Hailstorm                Conj/Ice       15%          50%         4
 Summon Ice Beast         Ice/Summ       15%          50%         4


Dungeon Overview and Level Annotations

Branches:
Dungeon (4/15)
 Temple: D:4-7

Altars:
Cheibriados
Makhleb
Okawaru

Annotations:
D:4 1 runed translucent door, Crazy Yiuf, Robin


Message History

The goblin closely misses you.
Robin hits you with a +2 whip of electrocution.
You hit Robin.
Robin is heavily wounded.
The hobgoblin misses you. The goblin closely misses you.
Robin hits you but does no damage.
You are electrocuted!!
* * * LOW HITPOINT WARNING * * *
The hobgoblin hits you but does no damage.
The goblin misses you.
You feel better.
Robin hits you with a +2 whip of electrocution.
You are electrocuted!
* * * LOW HITPOINT WARNING * * *
The hobgoblin misses you. The goblin hits you but does no damage.
You hit Robin.
Robin is almost dead.
The goblin no longer looks unusually strong.
Robin's bangles clink loudly.
Robin hits you but does no damage.
You are electrocuted!
You die...

#.....# .....
#...#######
##########.....#...##
#........#...........
#...(....#..........
#...g....#.......g.#
+...@g)..#........g##
#..g##..##.##.##...##
#...##..##.##.##...##
#....#g.....'.g(....#
#..).#......#......##
#..).#..g...#......##
#..<.#.gg...#.......#
#....#.g....#.......#
#....#......#.......#


You could see Robin, a hobgoblin (strong) and a goblin.

Vanquished Creatures
  Edmund (D:4)
  An ogre (D:4)
  A centaur (D:4)
  A bullfrog (D:2)
  An orc wizard (D:3)
  An iguana (D:4)
  Terence (D:2)
  3 worker ants (D:4)
  4 adders
  2 oozes
  An adder skeleton (D:2)
  6 dart slugs
  2 leopard geckos
  12 orcs (D:3)
  A ball python (D:2)
  5 bats
  4 giant cockroaches
  11 hobgoblins
  5 jackals
  2 quokkas (D:3)
  4 frilled lizards
  11 goblins
  4 kobolds
  8 rats
92 creatures vanquished.

Notes
Turn   | Place    | Note
-------+----------+-------------------------------------------
     0 | D:1      | Almogavar the Human Ice Elementalist began the quest for
                  | the Orb.
     0 | D:1      | Reached XP level 1. HP: 13/13 MP: 3/3
   167 | D:1      | Reached XP level 2. HP: 19/19 MP: 1/5
   736 | D:1      | Reached XP level 3. HP: 24/24 MP: 6/6
   892 | D:2      | Noticed a bullfrog
   899 | D:2      | Killed a bullfrog
   900 | D:2      | Reached skill level 5 in Ice Magic
   900 | D:2      | Reached XP level 4. HP: 19/30 MP: 1/7
  1086 | D:2      | Noticed Terence
  1197 | D:2      | Killed Terence
  1198 | D:2      | Reached XP level 5. HP: 24/35 MP: 4/9
  1692 | D:2      | Found a snail-covered altar of Cheibriados.
  2356 | D:3      | Reached XP level 6. HP: 41/42 MP: 7/10
  2682 | D:3      | Reached skill level 1 in Armour
  3345 | D:3      | Found a burning altar of Makhleb.
  3590 | D:4      | Reached skill level 1 in Short Blades
  3682 | D:4      | Found a runed translucent door.
  3683 | D:4      | Noticed Crazy Yiuf
  3897 | D:4      | Noticed Edmund
  3920 | D:4      | Killed Edmund
  3921 | D:4      | Reached XP level 7. HP: 22/47 MP: 1/13
  4193 | D:4      | Got a brightly glowing mace
  4194 | D:4      | Identified the cursed +3 mace of Suicidal Tendencies
                  | {protect, +Blink Dex+4} (You found it on level 4 of the
                  | Dungeon)
  4244 | D:4      | Reached skill level 1 in Fighting
  4488 | D:4      | Learned a level 3 spell: Frozen Ramparts
  4495 | D:4      | Reached skill level 6 in Ice Magic
  4563 | D:4      | Found an iron altar of Okawaru.
  4569 | D:4      | Became a worshipper of Warmaster Okawaru
  4637 | D:4      | Noticed Robin
  4691 | D:4      | Mangled by Robin

Illustrated notes

Levels and vault maps discovered:
D:1:      mushboom_english_gardens, layout_basic
D:2:      layout_basic, cheibriados_altar_1, nicolae_overflow_hidden_temple,
          serial_bayou_pond_b, uniq_terence
D:3:      layout_loops_ring, lightli_temple_of_fire
D:4:      layout_gridville, okawaru_gym_becter, uniq_robin,
          uniq_crazy_yiuf_cottage, uniq_edmund, uniq_grinder

Skill      XL: |  1  2  3  4  5  6  7 |
---------------+----------------------+-----
Ice Magic      | 5 6 |  6.1
Spellcasting   | 3 4 |  4.5
Stealth        | 3 |  3.2
Armour         | 1 2 |  2.0
Short Blades   | 1 |  1.2
Fighting       | 1 |  1.1
Maces & Flails | |  0.7
Dodging        | |  2.6

Action                   |  1- 3 |  4- 6 |  7- 9 || total
-------------------------+-------+-------+-------++-------
Melee: Short sword       |     2 |    66 |       ||    68
       Mace              |       |       |    27 ||    27
 Cast: Freeze            |    26 |   104 |     9 ||   139
       Frozen Ramparts   |       |       |     1 ||     1
  Use: Scroll            |       |     2 |       ||     2
       Potion            |       |     1 |     1 ||     2
 Stab: Sleeping          |     1 |     7 |       ||     8
Armor: Robe              |     2 |     5 |       ||     7
       Leather armour    |       |    21 |    15 ||    36
Dodge: Dodged            |    15 |    81 |    45 ||   141
